 Dungeon Crawl Stone Soup version 0.22-a0-553-g9358b0b (webtiles) character file.

15 iamserjio the Shield-Bearer (level 2, 0/19 HPs)
             Began as a Gargoyle Fighter on June 25, 2018.
             Slain by a sky beast (3 damage)
             ... on level 2 of the Dungeon.
             The game lasted 00:02:10 (352 turns).

iamserjio the Shield-Bearer (Gargoyle Fighter)       Turns: 352, Time: 00:02:11

Health: 0/19       AC:  9    Str: 24    XL:     2   Next: 50%
Magic:  2/2        EV:  7    Int:  8    God:
Gold:   31         SH:  9    Dex:  9    Spells: 1/1 levels left

rFire    . . .     SeeInvis .   a - +0 war axe
rCold    . . .     Gourm    .   c - +0 shield
rNeg     + . .     Faith    +   b - +0 scale mail
rPois    ∞         Spirit   .   (no helmet)
rElec    +         Reflect  .   (no cloak)
rCorr    .         Harm     .   (no gloves)
MR       .....                  (no boots)
Stlth    ..........             g - amulet of faith
HPRegen  0.06/turn              (no ring)
MPRegen  0.08/turn              (no ring)

@: mighty, flying
A: negative energy resistance 1, electricity resistance, unbreathing,
petrification resistance, rot immunity, AC +2
a: no special abilities


You were on level 2 of the Dungeon.
You were not hungry.

You visited 1 branch of the dungeon, and saw 2 of its levels.

You collected 31 gold pieces.

Inventory:

Hand Weapons
 a - a +0 war axe (weapon)
Armour
 b - a +0 scale mail (worn)
 c - a +0 shield (worn)
Jewellery
 g - an amulet of faith (around neck)
 j - an uncursed ring of positive energy {unknown}
Scrolls
 e - a scroll of enchant weapon {unknown}
 i - 4 scrolls of remove curse {unknown}
Comestibles
 f - 2 rations


   Skills:
 - Level 3.2 Fighting
 * Level 2.4 Axes
 - Level 3.2 Armour
 + Level 3.6 Shields


You had one spell level left.
You didn't know any spells.
Your spell library was empty.

Dungeon Overview and Level Annotations

Branches:
Dungeon (2/15)

Altars:


Innate Abilities, Weirdness & Mutations

You are resistant to torment.
Your stone body is resilient. (AC +2)
You are immune to poison.
You resist negative energy. (rN+)
You are resistant to electric shocks. (rElec)
You can survive without breathing.
You are immune to petrification.
You are immune to rotting.


Message History

You closely miss something. Something hits you. Something shocks you.
You resist.
You miss something.
Something hits you but does no damage. x2
You miss something. Something hits you but does no damage.
You closely miss something.
Something hits you but does no damage. x2
It was a potion of flight.
You feel very buoyant.
You fly up into the air.
Something hits you.
* * * LOW HITPOINT WARNING * * *
Something shocks you. You resist.
* * * LOW HITPOINT WARNING * * *
You miss something. Something hits you but does no damage.
You closely miss something.
A sky beast appears from thin air!
Reactivating autopickup.
The sky beast hits you but does no damage.
You block the sky beast's attack.
You barely miss the sky beast.
The sky beast is severely wounded.
The sky beast hits you.
You die...

########.
#.Y......
#@# #.#
#.# #..#
#.# #..#
#.# #..#
#<# #..#
#.# #..#
#.# #..
#.# #.#


You could see a sky beast.

Vanquished Creatures
  A dart slug (D:1)
  2 goblins
  4 hobgoblins (D:1)
  2 bats (D:1)
  A frilled lizard (D:1)
  2 kobolds (D:1)
  A rat (D:1)
13 creatures vanquished.

Notes
Turn   | Place    | Note
-------+----------+-------------------------------------------
     0 | D:1      | iamserjio the Gargoyle Fighter began the quest for the Orb.
     0 | D:1      | Reached XP level 1. HP: 14/14 MP: 1/1
   131 | D:1      | Reached XP level 2. HP: 19/19 MP: 2/2
   340 | D:2      | Noticed a sky beast
   352 | D:2      | Slain by a sky beast

Vault maps used:
D:1:      dpeg_arrival_rooms_a

Skill      XL: |  1 |
---------------+----+-----
Axes           | 2 |  2.4
Fighting       | |  3.2
Armour         | |  3.2
Shields        | |  3.6

Action                   || total
-------------------------++-------
Melee: War axe           ||    42
  Use: Potion            ||     2
Armor: Scale mail        ||    23
Dodge: Dodged            ||     9
Block: Shield            ||    20

Table legend:
 A = Spawn XP
 B = Non-spawn XP
 C = Spawn XP percentage of total XP
 D = Spawn monster count
 E = Non-spawn monster count
 F = Spawn count percentage of total count
 G = Total turns spent on level
                    A         B        C        D         E        F      G
               +---------+---------+-------+---------+---------+-------+---------
         Total |       0 |      22 |   0.0 |       0 |      13 |   0.0 |   352
               +---------+---------+-------+---------+---------+-------+---------
           D:1 |       0 |      20 |   0.0 |       0 |      12 |   0.0 |   264
           D:2 |       0 |       2 |   0.0 |       0 |       1 |   0.0 |    88
               +---------+---------+-------+---------+---------+-------+---------
